 Dungeon Crawl Stone Soup version 0.30-a0-141-g30f27751c5 (webtiles) character file.

Game seed: 7496832062126977040

4372 qw the Cleaver (level 10, -11/64 HPs)
             Began as a Gargoyle Fighter on Sept 25, 2022.
             Mangled by a two-headed ogre
             ... wielding a +0 giant club
              (19 damage)
             ... on level 9 of the Dungeon.
             The game lasted 00:02:33 (8789 turns).

qw the Cleaver (Gargoyle Fighter)                   Turns: 8789, Time: 00:02:34

Health: -11/64     AC: 19    Str: 24    XL:     10   Next: 34%
Magic:  10/10      EV:  8    Int:  9    God:
Gold:   661        SH:  9    Dex:  9    Spells: 9/9 levels left

rFire   . . .      SeeInvis +    Y - +1 war axe (venom)
rCold   . . .      Faith    .    c - +0 buckler
rNeg    + + .      Spirit   .    p - +0 chain mail
rPois   inf        Reflect  +    (no helmet)
rElec   +          Harm     .    e - +1 cloak
rCorr   .          Rampage  .    (no gloves)
Will    .....                    (no boots)
Stlth   ..........               n - amulet of reflection
HPRegen 0.20/turn                a - ring of see invisible
MPRegen 0.12/turn                g - ring of positive energy

@: no status effects
A: sickness immunity, AC +7, negative energy resistance 1, electricity
resistance, torment resistance 1, petrification resistance, hooves 1, passive
freeze, screaming 1
a: no special abilities


You were on level 9 of the Dungeon.
You visited 1 branch of the dungeon, and saw 9 of its levels.

You collected 661 gold pieces.


Innate Abilities, Weirdness & Mutations

You are immune to sickness and miasma.
Your stone body is resilient. (AC +7)
You are immune to poison.
You resist negative energy. (rN+)
You are resistant to electric shocks. (rElec)
You are resistant to unholy torment.
You are immune to petrification.
You have large cloven feet.
A frigid envelope surrounds you and freezes all who hurt you.
You occasionally shout uncontrollably at your foes.


   Skills:
 - Level 8.0 Fighting
 + Level 10.8 Axes
 - Level 3.0 Throwing
 - Level 5.1 Armour
 - Level 1.0 Dodging
 - Level 5.0 Shields


You had 9 spell levels left.
You didn't know any spells.
Your spell library was empty.

Inventory:

Hand Weapons
 f - a +0 morningstar
 Y - a +1 war axe of venom (weapon)
Missiles
 s - 2 javelins (quivered)
Armour
 c - a +0 buckler (worn)
 e - a +1 cloak (worn)
 p - a +0 chain mail (worn)
Jewellery
 a - a ring of see invisible (left hand)
 g - a ring of positive energy (right hand)
 j - a ring of ice
 n - an amulet of reflection (around neck)
Scrolls
 m - 2 scrolls of identify
Potions
 d - a potion of might
 h - 3 potions of mutation
 i - a potion of resistance
 k - 3 potions of curing
 o - 2 potions of lignification
 r - a potion of haste {unknown}

Dungeon Overview and Level Annotations

Branches:
Dungeon (9/15)             Temple (0/1) D:7            Lair (0/5) D:8
    Orc: D:9-12

Altars:
Dithmenos
Elyvilon
Fedhas
Trog
Vehumet
Yredelemnul
The Shining One

Annotations:
D:6 1 runed translucent door, Crazy Yiuf


Message History

The two-headed ogre hits you with a +0 giant club!
The two-headed ogre is very cold.
The two-headed ogre is lightly wounded.
The two-headed ogre hits you with a +0 giant club!
The two-headed ogre is very cold.
The two-headed ogre is moderately wounded.
An orc comes into view. It is wielding a +0 club.
You hit the two-headed ogre.
The two-headed ogre looks even sicker.
The two-headed ogre is moderately wounded.
You barely miss the orc.
The orc priest looks braver for a moment.
You block the orc's attack.
The two-headed ogre hits you with a +0 giant club.
The two-headed ogre is very cold.
The two-headed ogre is heavily wounded.
The two-headed ogre hits you but does no damage.
The two-headed ogre is very cold.
The two-headed ogre is heavily wounded.
You slash the two-headed ogre! You kick the two-headed ogre.
The two-headed ogre is almost dead.
You hit the orc.
The orc is poisoned.
You block the orc's attack.
You barely miss the two-headed ogre. You kick the two-headed ogre.
The two-headed ogre is almost dead.
You hit the orc.
The orc looks even sicker.
You completely miss the orc.
The two-headed ogre hits you but does no damage.
The two-headed ogre is very cold.
The two-headed ogre is almost dead.
You block the two-headed ogre's attack. The orc hits you but does no damage.
The orc is very cold.
You kill the orc!
You block the orc's attack.
You closely miss the two-headed ogre.
The two-headed ogre is almost dead.
You slash the orc!
You kill the orc!
The orc priest invokes the aid of Beogh against you.
Beogh smites you!
The two-headed ogre hits you with a +0 giant club!!
You die...

..#...............)[
...#................[.
..#.................%.
#.###................
#..#................ .
#...)............... ...
##..................
.....#..................
.(....O@................
.(..[.))...........
.(...oo?........)..
....o..............
...................
..................
............#....
.............###


You could see a two-headed ogre (very poisoned), an orc priest and 2 orcs.

Vanquished Creatures
  Pikel (D:6)
  A troll (D:8)
  Grinder (D:4)
  A wraith (D:7)
  A steam dragon (D:8)
  3 water moccasins
  An ice beast (D:5)
  A sky beast (D:7)
  2 black bears
  2 ogres
  2 centaurs
  A wolf (D:8)
  3 lemures (D:6)
  A phantom (D:6)
  2 kobold brigands
  3 bullfrogs
  A necrophage (D:5)
  3 scorpions
  9 wights
  5 killer bees (D:8)
  An electric eel (D:8)
  7 hounds
  2 jellies
  2 orc priests
  A gnoll bouda (D:6)
  2 iguanas
  5 orc wizards
  5 gnolls (D:6)
  3 adders
  2 ufetubi (D:6)
  A worm (D:5)
  2 dart slugs
  27 orcs
  7 ball pythons
  8 endoplasms
  5 giant cockroaches
  5 goblins
  8 hobgoblins
  13 jackals
  16 kobolds
  2 quokkas
  3 bats (D:1)
  2 frilled lizards (D:1)
  4 rats
177 creatures vanquished.

Notes
Turn   | Place    | Note
-------+----------+-------------------------------------------
     0 | D:1      | qw the Gargoyle Fighter began the quest for the Orb.
     0 | D:1      | Reached XP level 1. HP: 14/14 MP: 1/1
     0 | D:1      | 0 ||| qw: Version: 0.2-a-10-g399e6c4
     0 | D:1      | 0 ||| qw: Game counter: 373
     0 | D:1      | 0 ||| qw: Always use a shield: true
     0 | D:1      | 0 ||| qw: God list: Okawaru
     0 | D:1      | 0 ||| qw: Allow faded altars: false
     0 | D:1      | 0 ||| qw: Do Orc after D:15 true
     0 | D:1      | 0 ||| qw: Do second Lair branch before Depths: true
     0 | D:1      | 0 ||| qw: Lair rune preference: random
     0 | D:1      | 0 ||| qw: Plans: Normal, Zot:1-4, God:TSO, Crypt, Tomb,
                  | Pan, Slime:5, Hells, Abyss, Orb
     0 | D:1      | 0 ||| PLANNING D:1-11
    43 | D:1      | Reached skill level 2 in Axes
    43 | D:1      | 43 ||| Stepping ~*~*~tactically~*~*~ (stealth).
    75 | D:1      | 75 ||| Stepping ~*~*~tactically~*~*~ (stealth).
   116 | D:1      | Reached XP level 2. HP: 19/19 MP: 2/2
   157 | D:1      | 157 ||| Stepping ~*~*~tactically~*~*~ (hiding).
   322 | D:1      | 322 ||| Stepping ~*~*~tactically~*~*~ (stealth).
   326 | D:1      | 326 ||| Stepping ~*~*~tactically~*~*~ (stealth).
   584 | D:1      | Reached skill level 3 in Axes
   641 | D:1      | Reached XP level 3. HP: 23/23 MP: 3/3
   833 | D:1      | Found a faded altar of an unknown god.
   988 | D:1      | 988 ||| UPGRADING to +0 cloak.
   993 | D:1      | 993 ||| READING scroll labelled NUOMOE OVOVVI.
   998 | D:1      | 998 ||| READING scroll labelled JEXO PAKLARUR.
  1020 | D:2      | 1020 ||| Stepping ~*~*~tactically~*~*~ (hiding).
  1021 | D:2      | 1021 ||| Stepping ~*~*~tactically~*~*~ (hiding).
  1120 | D:2      | Reached skill level 1 in Throwing
  1602 | D:2      | 1602 ||| DROPPING +6 ring of intelligence.
  1603 | D:2      | 1603 ||| READING scroll labelled MEOQ ROERPHO.
  1604 | D:2      | 1604 ||| READING 2 scrolls labelled ANGOOG YGAU.
  1605 | D:2      | 1605 ||| READING scroll of enchant armour.
  1605 | D:2      | 1605 ||| ENCHANTING +0 cloak.
  1606 | D:2      | 1606 ||| READING 3 scrolls labelled YSAOVY UNUSOIN.
  1607 | D:2      | 1607 ||| DRINKING 4 glowing grey potions.
  1607 | D:2      | Gained mutation: You occasionally lose the ability to read
                  | scrolls when taking damage. [potion of mutation]
  1607 | D:2      | Gained mutation: Your flesh is cold resistant. (rC+)
                  | [potion of mutation]
  1608 | D:2      | 1608 ||| DRINKING 3 potions of mutation.
  1608 | D:2      | Lost mutation: You occasionally lose the ability to read
                  | scrolls when taking damage. [potion of mutation]
  1608 | D:2      | Lost mutation: Your flesh is cold resistant. (rC+) [potion
                  | of mutation]
  1608 | D:2      | Gained mutation: You occasionally shout uncontrollably at
                  | your foes. [potion of mutation]
  1608 | D:2      | Gained mutation: You have large cloven feet. [potion of
                  | mutation]
  1608 | D:2      | Gained mutation: A frigid envelope surrounds you and
                  | freezes all who hurt you. [potion of mutation]
  1609 | D:2      | 1609 ||| DROPPING 2 scrolls of noise.
  1645 | D:3      | Reached XP level 4. HP: 28/28 MP: 4/4
  1717 | D:3      | 1717 ||| Stepping ~*~*~tactically~*~*~ (stealth).
  1809 | D:3      | 1809 ||| DROPPING +0 club.
  1853 | D:3      | You fall into a shaft and drop 2 floors!
  1853 | D:5      | Entered Level 5 of the Dungeon
  1853 | D:5      | Found a glowing golden altar of the Shining One.
  1859 | D:5      | Noticed a scorpion
  1864 | D:5      | Killed a scorpion
  1865 | D:5      | Reached skill level 4 in Axes
  1865 | D:5      | Reached XP level 5. HP: 31/32 MP: 5/5
  1923 | D:5      | Reached skill level 5 in Axes
  1934 | D:5      | Reached XP level 6. HP: 38/38 MP: 6/6
  2044 | D:5      | Reached skill level 1 in Dodging
  2111 | D:5      | Noticed an ice beast
  2128 | D:5      | HP: 7/38 [ice beast (9)]
  2129 | D:5      | 2129 ||| READING 2 scrolls of teleportation.
  2131 | D:5      | Killed an ice beast
  2636 | D:5      | 2636 ||| READING 2 scrolls labelled CARUGO GUIRYM.
  2637 | D:5      | 2637 ||| READING scroll labelled ZAUBOESEPRE.
  2638 | D:5      | 2638 ||| READING scroll labelled VUELYW HALUAR.
  2639 | D:5      | 2639 ||| DRINKING 2 white potions.
  2688 | D:4      | Noticed a black bear
  2694 | D:4      | Killed a black bear
  2695 | D:4      | Reached skill level 6 in Axes
  2695 | D:4      | Reached XP level 7. HP: 43/43 MP: 7/7
  2760 | D:4      | 2760 ||| UPGRADING to amulet of reflection.
  2838 | D:3      | 2838 ||| FLEEEEING.
  2839 | D:3      | 2839 ||| FLEEEEING.
  2840 | D:3      | 2840 ||| FLEEEEING.
  2841 | D:3      | 2841 ||| FLEEEEING.
  2842 | D:3      | 2842 ||| STAIRDANCE
  2874 | D:3      | 2874 ||| STAIRDANCE
  2879 | D:3      | 2879 ||| Stepping ~*~*~tactically~*~*~ (stealth).
  2883 | D:3      | 2883 ||| Stepping ~*~*~tactically~*~*~ (stealth).
  2884 | D:3      | 2884 ||| FLEEEEING.
  2885 | D:3      | 2885 ||| STAIRDANCE
  3685 | D:3      | 3685 ||| READING scroll labelled CORAOV BONYMICS.
  3686 | D:3      | 3686 ||| READING scroll labelled ROINOI MAGUA.
  3884 | D:4      | 3884 ||| Stepping ~*~*~tactically~*~*~ (stealth).
  3906 | D:4      | 3906 ||| DROPPING +0 whip.
  3993 | D:4      | Found a blossoming altar of Fedhas.
  4370 | D:4      | Noticed Grinder
  4371 | D:4      | 4371 ||| Stepping ~*~*~tactically~*~*~ (hiding).
  4372 | D:4      | 4372 ||| Stepping ~*~*~tactically~*~*~ (hiding).
  4374 | D:4      | 4374 ||| Stepping ~*~*~tactically~*~*~ (hiding).
  4376 | D:4      | 4376 ||| Stepping ~*~*~tactically~*~*~ (hiding).
  4377 | D:4      | 4377 ||| Stepping ~*~*~tactically~*~*~ (hiding).
  4387 | D:4      | 4387 ||| FLEEEEING.
  4390 | D:4      | 4390 ||| FLEEEEING.
  4391 | D:4      | 4391 ||| FLEEEEING.
  4392 | D:4      | 4392 ||| FLEEEEING.
  4392 | D:4      | Paralysed by Grinder for 4 turns
  4398 | D:4      | Killed Grinder
  4399 | D:4      | Reached skill level 7 in Axes
  4598 | D:4      | 4598 ||| UPGRADING to +0 chain mail.
  4608 | D:4      | 4608 ||| DROPPING +0 scale mail.
  4609 | D:4      | 4609 ||| READING scroll labelled PAIN WEVOEN.
  4951 | D:5      | 4951 ||| READING scroll labelled ENLUCIXZOUWK.
  5090 | D:6      | Reached XP level 8. HP: 49/49 MP: 8/8
  5151 | D:6      | 5151 ||| Stepping ~*~*~tactically~*~*~ (stealth).
  5156 | D:6      | Reached skill level 8 in Axes
  5159 | D:6      | 5159 ||| FLEEEEING.
  5160 | D:6      | 5160 ||| FLEEEEING.
  5161 | D:6      | 5161 ||| FLEEEEING.
  5162 | D:6      | 5162 ||| FLEEEEING.
  5163 | D:6      | 5163 ||| FLEEEEING.
  5164 | D:6      | 5164 ||| FLEEEEING.
  5165 | D:6      | 5165 ||| FLEEEEING.
  5166 | D:6      | 5166 ||| FLEEEEING.
  5167 | D:6      | 5167 ||| FLEEEEING.
  5168 | D:6      | 5168 ||| FLEEEEING.
  5169 | D:6      | 5169 ||| FLEEEEING.
  5170 | D:6      | 5170 ||| FLEEEEING.
  5171 | D:6      | 5171 ||| FLEEEEING.
  5172 | D:6      | 5172 ||| FLEEEEING.
  5173 | D:6      | 5173 ||| FLEEEEING.
  5174 | D:6      | 5174 ||| FLEEEEING.
  5175 | D:6      | 5175 ||| FLEEEEING.
  5176 | D:6      | 5176 ||| FLEEEEING.
  5177 | D:6      | 5177 ||| FLEEEEING.
  5178 | D:6      | 5178 ||| FLEEEEING.
  5179 | D:6      | 5179 ||| FLEEEEING.
  5180 | D:6      | 5180 ||| FLEEEEING.
  5181 | D:6      | 5181 ||| FLEEEEING.
  5182 | D:6      | 5182 ||| FLEEEEING.
  5183 | D:6      | 5183 ||| FLEEEEING.
  5184 | D:6      | 5184 ||| FLEEEEING.
  5185 | D:6      | 5185 ||| FLEEEEING.
  5186 | D:6      | 5186 ||| FLEEEEING.
  5187 | D:6      | 5187 ||| FLEEEEING.
  5188 | D:6      | 5188 ||| FLEEEEING.
  5189 | D:6      | 5189 ||| FLEEEEING.
  5190 | D:6      | 5190 ||| FLEEEEING.
  5191 | D:6      | 5191 ||| FLEEEEING.
  5192 | D:6      | 5192 ||| FLEEEEING.
  5193 | D:6      | 5193 ||| FLEEEEING.
  5194 | D:6      | 5194 ||| FLEEEEING.
  5195 | D:6      | 5195 ||| FLEEEEING.
  5196 | D:6      | 5196 ||| FLEEEEING.
  5197 | D:6      | 5197 ||| FLEEEEING.
  5198 | D:6      | 5198 ||| FLEEEEING.
  5199 | D:6      | 5199 ||| FLEEEEING.
  5200 | D:6      | 5200 ||| FLEEEEING.
  5201 | D:6      | 5201 ||| FLEEEEING.
  5202 | D:6      | 5202 ||| FLEEEEING.
  5203 | D:6      | 5203 ||| FLEEEEING.
  5204 | D:6      | 5204 ||| FLEEEEING.
  5205 | D:6      | 5205 ||| FLEEEEING.
  5206 | D:6      | 5206 ||| FLEEEEING.
  5207 | D:6      | 5207 ||| FLEEEEING.
  5208 | D:6      | 5208 ||| FLEEEEING.
  5209 | D:6      | 5209 ||| FLEEEEING.
  5210 | D:6      | 5210 ||| FLEEEEING.
  5211 | D:6      | 5211 ||| FLEEEEING.
  5212 | D:6      | 5212 ||| FLEEEEING.
  5213 | D:6      | 5213 ||| FLEEEEING.
  5214 | D:6      | 5214 ||| FLEEEEING.
  5215 | D:6      | 5215 ||| FLEEEEING.
  5216 | D:6      | 5216 ||| FLEEEEING.
  5217 | D:6      | 5217 ||| FLEEEEING.
  5218 | D:6      | 5218 ||| FLEEEEING.
  5219 | D:6      | 5219 ||| FLEEEEING.
  5220 | D:6      | 5220 ||| FLEEEEING.
  5221 | D:6      | 5221 ||| FLEEEEING.
  5222 | D:6      | 5222 ||| FLEEEEING.
  5223 | D:6      | 5223 ||| FLEEEEING.
  5224 | D:6      | 5224 ||| FLEEEEING.
  5225 | D:6      | 5225 ||| FLEEEEING.
  5226 | D:6      | 5226 ||| STAIRDANCE
  5290 | D:5      | 5290 ||| READING 4 scrolls of identify.
  5290 | D:5      | 5290 ||| IDENTIFYING coppery potion
  5291 | D:5      | 5291 ||| READING 3 scrolls of identify.
  5291 | D:5      | 5291 ||| IDENTIFYING golden potion
  5292 | D:5      | 5292 ||| READING 2 scrolls of identify.
  5292 | D:5      | 5292 ||| IDENTIFYING grey potion
  5293 | D:5      | 5293 ||| DROPPING potion of brilliance.
  5294 | D:5      | 5294 ||| DROPPING potion of magic.
  5301 | D:6      | Reached skill level 6 in Fighting
  5347 | D:6      | 5347 ||| Stepping ~*~*~tactically~*~*~ (stealth).
  5436 | D:6      | 5436 ||| Stepping ~*~*~tactically~*~*~ (hiding).
  5437 | D:6      | 5437 ||| Stepping ~*~*~tactically~*~*~ (hiding).
  5455 | D:6      | Noticed Pikel
  5456 | D:6      | Reached XP level 9. HP: 43/56 MP: 9/9
  5456 | D:6      | 5456 ||| FLEEEEING.
  5458 | D:6      | 5458 ||| FLEEEEING.
  5460 | D:6      | 5460 ||| FLEEEEING.
  5461 | D:6      | 5461 ||| FLEEEEING.
  5464 | D:6      | 5464 ||| FLEEEEING.
  5465 | D:6      | 5465 ||| FLEEEEING.
  5466 | D:6      | 5466 ||| FLEEEEING.
  5467 | D:6      | 5467 ||| FLEEEEING.
  5468 | D:6      | 5468 ||| FLEEEEING.
  5469 | D:6      | 5469 ||| FLEEEEING.
  5470 | D:6      | 5470 ||| FLEEEEING.
  5471 | D:6      | 5471 ||| FLEEEEING.
  5472 | D:6      | 5472 ||| FLEEEEING.
  5473 | D:6      | 5473 ||| FLEEEEING.
  5474 | D:6      | 5474 ||| FLEEEEING.
  5475 | D:6      | 5475 ||| FLEEEEING.
  5476 | D:6      | 5476 ||| FLEEEEING.
  5477 | D:6      | 5477 ||| FLEEEEING.
  5478 | D:6      | 5478 ||| FLEEEEING.
  5479 | D:6      | 5479 ||| FLEEEEING.
  5480 | D:6      | 5480 ||| FLEEEEING.
  5481 | D:6      | 5481 ||| FLEEEEING.
  5482 | D:6      | 5482 ||| FLEEEEING.
  5483 | D:6      | 5483 ||| FLEEEEING.
  5484 | D:6      | 5484 ||| FLEEEEING.
  5485 | D:6      | 5485 ||| FLEEEEING.
  5486 | D:6      | 5486 ||| FLEEEEING.
  5487 | D:6      | 5487 ||| FLEEEEING.
  5488 | D:6      | 5488 ||| FLEEEEING.
  5489 | D:6      | 5489 ||| FLEEEEING.
  5490 | D:6      | 5490 ||| FLEEEEING.
  5491 | D:6      | 5491 ||| FLEEEEING.
  5492 | D:6      | 5492 ||| FLEEEEING.
  5493 | D:6      | 5493 ||| FLEEEEING.
  5494 | D:6      | 5494 ||| FLEEEEING.
  5495 | D:6      | 5495 ||| FLEEEEING.
  5579 | D:6      | 5579 ||| Stepping ~*~*~tactically~*~*~ (stealth).
  5600 | D:6      | Killed Pikel
  5601 | D:6      | Reached skill level 9 in Axes
  5620 | D:6      | 5620 ||| Stepping ~*~*~tactically~*~*~ (hiding).
  5632 | D:6      | 5632 ||| Stepping ~*~*~tactically~*~*~ (stealth).
  5718 | D:6      | 5718 ||| Stepping ~*~*~tactically~*~*~ (stealth).
  5722 | D:6      | 5722 ||| DROPPING +0 flail.
  5937 | D:6      | Found a runed translucent door.
  5939 | D:6      | 5939 ||| DROPPING +0 hammer of protection.
  5940 | D:6      | Noticed Crazy Yiuf
  6105 | D:6      | 6105 ||| Stepping ~*~*~tactically~*~*~ (stealth).
  6329 | D:6      | 6329 ||| UPGRADING to ring of see invisible.
  6330 | D:6      | 6330 ||| UPGRADING to ring of positive energy.
  6331 | D:6      | 6331 ||| READING 2 scrolls of identify.
  6331 | D:6      | 6331 ||| IDENTIFYING fuming blue potion
  6509 | D:7      | Found a flagged portal.
  6596 | D:7      | Found a white marble altar of Elyvilon.
  6629 | D:7      | Found a basalt altar of Yredelemnul.
  6630 | D:7      | Found a bloodstained altar of Trog.
  6678 | D:7      | Found a radiant altar of Vehumet.
  6843 | D:7      | 6843 ||| READING scroll of brand weapon.
  6843 | D:7      | 6843 ||| BRANDING +1 war axe of freezing.
  7021 | D:7      | Found a staircase to the Ecumenical Temple.
  7172 | D:7      | 7172 ||| READING 2 scrolls of identify.
  7172 | D:7      | 7172 ||| IDENTIFYING purple potion
  7241 | D:8      | Found a shadowy altar of Dithmenos.
  7249 | D:8      | Noticed a troll
  7256 | D:8      | Killed a troll
  7257 | D:8      | Reached skill level 10 in Axes
  7275 | D:8      | HP: 12/57 [steam dragon] (8)]
  7276 | D:8      | 7276 ||| READING 3 scrolls of teleportation.
  7276 | D:8      | HP: 2/57 [steam dragon] (9)]
  7277 | D:8      | Reached XP level 10. HP: 3/64 MP: 10/10
  7277 | D:8      | 7277 ||| DRINKING 2 potions of heal wounds.
  7280 | D:8      | 7280 ||| Stepping ~*~*~tactically~*~*~ (hiding).
  7284 | D:8      | HP: 6/64 [orc priest/divine providence (13)]
  7285 | D:8      | 7285 ||| READING 2 scrolls of teleportation.
  7286 | D:8      | 7286 ||| DRINKING potion of heal wounds.
  7298 | D:8      | HP: 11/64 [wight/+4 flail (10)]
  7299 | D:8      | 7299 ||| READING scroll of teleportation.
  7311 | D:8      | 7311 ||| FLEEEEING.
  7312 | D:8      | 7312 ||| FLEEEEING.
  7314 | D:8      | 7314 ||| FLEEEEING.
  7315 | D:8      | 7315 ||| FLEEEEING.
  7316 | D:8      | 7316 ||| FLEEEEING.
  7320 | D:8      | 7320 ||| STAIRDANCE
  7580 | D:7      | 7580 ||| READING 2 scrolls of identify.
  7580 | D:7      | 7580 ||| IDENTIFYING glowing blue potion
  7581 | D:7      | 7581 ||| DROPPING potion of ambrosia.
  7584 | D:8      | 7584 ||| Stepping ~*~*~tactically~*~*~ (hiding).
  7605 | D:8      | 7605 ||| Stepping ~*~*~tactically~*~*~ (stealth).
  7956 | D:8      | Found a staircase to the Lair.
  7983 | D:8      | Reached skill level 3 in Throwing
  8205 | D:8      | 8205 ||| DROPPING +2 flail of draining.
  8651 | D:9      | 8651 ||| FLEEEEING.
  8652 | D:9      | 8652 ||| FLEEEEING.
  8653 | D:9      | 8653 ||| STAIRDANCE
  8717 | D:9      | 8717 ||| STAIRDANCE
  8734 | D:9      | 8734 ||| STAIRDANCE
  8749 | D:9      | 8749 ||| STAIRDANCE
  8779 | D:9      | Noticed a two-headed ogre
  8789 | D:9      | HP: 8/64 [orc priest/divine providence (11)]
  8789 | D:9      | Mangled by a two-headed ogre

Levels and vault maps discovered:
D:1:      minmay_arrival_stone_box, layout_basic,
          hellmonk_ecumenical_altar_heavens_door, dreamdust_wishing_well
D:2:      layout_basic
D:3:      layout_basic, nicolae_hexahallways
D:4:      layout_loops_corners, fedhas_altar_3, serial_park_tiny_1, uniq_grinder
D:5:      layout_basic, mainiacjoe_overflow_24_doors
D:6:      layout_loops_ring, dk_noncrumbling_4, uniq_crazy_yiuf_cottage,
          uniq_pikel
D:7:      layout_basic, mainiacjoe_overflow_divided_tiny,
          grunt_temple_overflow_open, temple_statues, enter_bailey_6
D:8:      layout_layer_cave, mainiacjoe_overflow_concentric_impassable,
          erik_lair_island
D:9:      layout_big_octagon, lemuel_round_altar

Skill      XL: |  1  2  3  4  5  6  7  8  9 10 |
---------------+-------------------------------+-----
Axes           | 2 3 4 5 6 7 8 10 | 10.8
Throwing       | 1 2 3 |  3.0
Fighting       | 4 5 6 8 |  8.0
Dodging        | 1 |  1.0
Armour         | 4 5 |  5.1
Shields        | 4 5 |  5.0

Action                   |  1- 3 |  4- 6 |  7- 9 | 10-12 || total
-------------------------+-------+-------+-------+-------++-------
Melee: War axe           |    69 |    35 |   163 |    71 ||   338
       Kick              |       |     5 |    44 |    25 ||    74
Throw: Javelin           |    17 |    29 |    53 |     9 ||   108
  Use: Scroll            |     6 |     4 |    11 |     3 ||    24
       Potion            |     2 |     1 |       |     2 ||     5
Armor: Scale mail        |    37 |    22 |     8 |       ||    67
       Chain mail        |       |       |    56 |    41 ||    97
Dodge: Dodged            |    32 |    12 |    50 |    27 ||   121
Block: Buckler           |    15 |     5 |    73 |    35 ||   128
       Reflection        |       |       |     2 |     6 ||     8

Table legend:
 A = Non-vault XP
 B = Vault XP
 C = Vault XP percentage of total XP
 D = Non-vault monster count
 E = Vault monster count
 F = Vault count percentage of total count
                 A         B        C        D         E       F
            +---------+---------+-------+---------+---------+-------
      Total |    4677 |    1573 |  25.2 |     164 |       9 |   5.2
            +---------+---------+-------+---------+---------+-------
        D:1 |      39 |       0 |   0.0 |      22 |       0 |   0.0
        D:2 |      44 |       0 |   0.0 |      16 |       0 |   0.0
        D:3 |      63 |       0 |   0.0 |      15 |       0 |   0.0
        D:4 |     250 |     267 |  51.6 |      16 |       1 |   5.9
        D:5 |     442 |       0 |   0.0 |      11 |       0 |   0.0
        D:6 |    1464 |     685 |  31.9 |      30 |       1 |   3.2
        D:7 |     549 |       0 |   0.0 |       5 |       0 |   0.0
        D:8 |    1488 |     621 |  29.4 |      38 |       7 |  15.6
        D:9 |     338 |       0 |   0.0 |      11 |       0 |   0.0
            +---------+---------+-------+---------+---------+-------
